 Dungeon Crawl Stone Soup version 0.31.0-12-g77e489cdc1 (webtiles) character file.

Game seed: 15894419719574105295

41 Curundu the Ruffian (level 3, 0/28 HPs)
             Began as a Demigod Shapeshifter on Feb 16, 2024.
             Killed from afar by a dart slug (3 damage)
             ... with a slug dart
             ... on level 2 of the Dungeon.
             The game lasted 00:02:36 (1170 turns).

Curundu the Ruffian (Demigod Shapeshifter)          Turns: 1170, Time: 00:02:37

Health: 0/28       AC:  2    Str: 19    XL:     3   Next: 16%
Magic:  5/5        EV: 12    Int: 12    God:
Gold:   64         SH:  0    Dex: 13    Spells: 2/2 levels left

rFire   . .          .
                       - Unarmed
rCold   . . .        (no shield)
rNeg    . . .        a - +0 animal skin
rPois   .            (helmet currently unavailable)
rElec   .            (cloak currently unavailable)
rCorr   .            (gloves currently unavailable)
SInv    .            (boots currently unavailable)
Will    .....        (no amulet)
Stlth   +            (no ring)
HPRegen 0.24/turn    (no ring)
MPRegen 0.09/turn

%: no passive effects
@: beast-form
A: beast (slay +1), high MP 1, forlorn, divine attributes
a: Begin Untransformation


You were on level 2 of the Dungeon.
You were a hulking beast.
You visited 1 branch of the dungeon, and saw 2 of its levels.

You collected 64 gold pieces.

Inventory:

Armour
 a - a +0 animal skin (worn)
Talismans
 c - a beast talisman
 d - a flux talisman
Scrolls
 f - a scroll of teleportation
 h - a scroll of enchant armour {unknown}
 i - a scroll of poison {unknown}
Potions
 b - 3 potions of lignification
 e - a potion of enlightenment {unknown}
 g - a potion of curing {unknown}


   Skills:
 + Level 1.0 Fighting
 + Level 2.0 Dodging
 + Level 3.3 Unarmed Combat
 + Level 3.2 Shapeshifting


You had 2 spell levels left.
You didn't know any spells.
Your spell library was empty.

Dungeon Overview and Level Annotations

Branches:
Dungeon (2/15)

Annotations:
D:1 1 transporter


Innate Abilities, Weirdness & Mutations

You are a hulking beast.
Your limbs bulge with bestial killing power. (Slay +1)
You have an increased reservoir of magic. (+10% MP)
You shall have no god before yourself.
Your divine heritage dramatically boosts your attributes as you level up.


Message History

The ribbon worm expels a string of sticky webbing.
The stream of webbing misses you.
You hit the ribbon worm.
The ribbon worm is lightly wounded.
The ribbon worm barely misses you.
You barely miss the ribbon worm. The ribbon worm closely misses you.
You hit the ribbon worm.
The ribbon worm is moderately wounded.
You completely miss the ribbon worm. You punch the ribbon worm.
The ribbon worm is heavily wounded.
The ribbon worm bites you.
* * * LOW HITPOINT WARNING * * *
You hit the ribbon worm.
The ribbon worm is severely wounded.
The ribbon worm misses you. The dart slug launches a dart at you.
The slug dart hits you.
* * * LOW HITPOINT WARNING * * *
You hit the ribbon worm.
The ribbon worm is severely wounded.
The ribbon worm expels a string of sticky webbing.
The stream of webbing hits you but does no damage.
You are caught in a web!
The web tears apart.
The ribbon worm bites you.
* * * LOW HITPOINT WARNING * * *
You hit the ribbon worm but do no damage.
The ribbon worm is severely wounded.
The dart slug bites you but does no damage.
You hit the ribbon worm.
The ribbon worm is severely wounded.
The ribbon worm barely misses you.
The dart slug bites you but does no damage.
You hit the ribbon worm.
You kill the ribbon worm!
Your Fighting skill increases to level 1!
The dart slug launches a dart at you. The slug dart misses you.
The dart slug launches a dart at you. The slug dart hits you.
You die...

##.#.######## ###
#.###........ ...
...#....##### #..w.
###.##### ..#.#
.##.## #.#?# .....#
#.#.# ###..# #.#.#
#..######## #.#.#
#.......... #h#.##
#.######### #.w>.##
#.# ##.....## #.#
#.......####### #.#
#..............# #
###.#
##.......#####.#####
>...# ##.....##
#.<.... #####
##.).##########.##
##.##............


You could see a dart slug.

Vanquished Creatures
  A gnoll (D:1)
  2 ribbon worms (D:2)
  4 endoplasms (D:2)
  A giant cockroach (D:1)
  3 goblins (D:1)
  2 hobgoblins
  3 quokkas (D:1)
  2 ball pythons (D:1)
  A bat (D:1)
  A frilled lizard (D:1)
  3 kobolds
  A rat (D:1)
24 creatures vanquished.

Notes
Turn   | Place    | Note
-------+----------+-------------------------------------------
     0 | D:1      | Curundu the Demigod Shapeshifter began the quest for the
                  | Orb.
     0 | D:1      | Reached XP level 1. HP: 15/15 MP: 3/3
    62 | D:1      | Reached XP level 2. HP: 8/22 MP: 4/4
  1078 | D:2      | Reached XP level 3. HP: 27/27 MP: 5/5
  1169 | D:2      | Reached skill level 1 in Fighting
  1170 | D:2      | Killed from afar by a dart slug

Illustrated notes

Levels and vault maps discovered:
D:1:      spicycebolla_arrival_transporter_tutorial, layout_basic,
          hangedman_decor_growths, kennysheep_decorative_pillar
D:2:      layout_loops_ring

Skill      XL: |  1  2  3 |
---------------+----------+-----
Unarmed Combat | 3 |  3.3
Shapeshifting  | 3 |  3.2
Dodging        | 2 |  2.0
Fighting       | 1 |  1.0

Action                     || total
---------------------------++-------
  Melee: Unarmed           ||    75
         Punch             ||     2
    Use: Scroll            ||     1
   Stab: Sleeping          ||     1
 Armour: Animal skin       ||    40
  Dodge: Dodged            ||    37
